 Dungeon Crawl Stone Soup version 0.17-a0-1767-gccbed74 (webtiles) character file.

32 andalon the Caller (level 3, 0/24 HPs)
             Began as a Vampire Summoner on Sept 6, 2015.
             Succumbed to a goblin's poison
             ... on level 2 of the Dungeon.
             The game lasted 00:13:53 (2084 turns).

andalon the Caller (Vampire Summoner)               Turns: 2084, Time: 00:13:53

Health: 0/24       AC:  2    Str:  8    XL:     3   Next: 8%
Magic:  3/6        EV: 10    Int: 17    God:
Gold:   76         SH:  8    Dex: 14    Spells: 2 memorised, 3 levels left

rFire  . . .     SeeInvis +     i - +0 mace
rCold  . . .     Clarity  .     a - +0 robe
rNeg   + . .     SustAt   .     f - +2 shield
rPois  .         Gourm    .     (no helmet)
rElec  .         Spirit   .     (no cloak)
rCorr  .         Warding  .     (no gloves)
rMut   .         Stasis   .     (no boots)
MR     .....                    (no amulet)
Stlth  +++.......               (no ring)
                                (no ring)

@: lethally poisoned (0 -> -5), very slightly contaminated, not resistant to
hostile enchantments, fairly stealthy
A: fangs 3, see invisible, unbreathing
a: Bat Form


You were on level 2 of the Dungeon.
You were not thirsty.

You visited 1 branch of the dungeon, and saw 2 of its levels.

You collected 76 gold pieces.

Inventory:

Hand weapons
 e - a +0 club
 g - a +0 dagger
 h - a +0 dagger
 i - a +0 mace (weapon)
Missiles
 d - 4 tomahawks (quivered)
Armour
 a - a +0 robe (worn)
 f - a +2 shield (worn)
Scrolls
 j - a scroll of identify
 k - a scroll of remove curse
Potions
 c - 18 potions of blood
Books
 b - a book of Callings

   Spells                             Type                      Level
   a - Summon Small Mammal            Summoning                    1
   b - Call Imp                       Summoning                    2
   c - Call Canine Familiar           Summoning                    3
   d - Summon Guardian Golem          Hexes/Summoning              3
   e - Summon Lightning Spire         Summoning/Air                4
   f - Summon Ice Beast               Ice/Summoning                4


   Skills:
 + Level 0.1 Fighting
 * Level 0.4 Maces & Flails
 * Level 0.2 Throwing
 + Level 2.6 Dodging
 + Level 3.2 Stealth
 + Level 2.0 Spellcasting
 + Level 4.5 Summonings


You had 3 spell levels left.
You knew the following spells:

 Your Spells              Type           Power        Failure   Level  Hunger
a - Summon Small Mammal   Summ           ###.         21%         1    #......
b - Call Imp              Summ           ###.....     34%         2    ###....


Dungeon Overview and Level Annotations

Branches:
Dungeon (2/15)

Altars:

Annotations:
D:2 Robin


Innate Abilities, Weirdness & Mutations

You have razor-sharp teeth.
You have supernaturally acute eyesight.
You can survive without breathing.


Message History

You see here a stone.
* * * LOW HITPOINT WARNING * * *
You feel sick.
The goblin shoots a stone.
You block the stone.
You see here a stone.
You closely miss the goblin.
The goblin is heavily wounded.
* * * LOW HITPOINT WARNING * * *
You feel sick.
Your quokka closely misses the goblin.
The goblin hits you but does no damage.
Robin roars a battlecry!
You hit the goblin.
You kill the goblin!
* * * LOW HITPOINT WARNING * * *
You feel sick.
The goblin shoots a stone.
The stone hits your quokka.
Robin roars a battlecry!
The goblin goes into a battle-frenzy!
* * * LOW HITPOINT WARNING * * *
You feel sick. The goblin closely misses your quokka.
You die...

####
######.#.###
#.....@#...#
#.####.#...##
#r#....
#.##.######
#.g)g.g.g.#
#.g#.####†# #
#..#.gg #.#.#
#..####.#)#.#
...#....#gg.#


You could see 2 goblins and a friendly quokka.

Vanquished Creatures
  6 bats (D:1)
  A giant cockroach (D:1)
  2 goblins
  A kobold (D:1)
  A ball python (D:1)
  5 rats (D:1)
  2 plants (D:1)
18 creatures vanquished.

Vanquished Creatures (collateral kills)
  A giant cockroach (D:1)
  A hobgoblin (D:1)
  A bat (D:1)
  2 giant newts (D:1)
  4 goblins
  2 kobolds (D:1)
  11 rats (D:1)
22 creatures vanquished.

Grand Total: 40 creatures vanquished

Notes
Turn   | Place    | Note
--------------------------------------------------------------
     0 | D:1      | andalon the Vampire Summoner began the quest for the Orb.
     0 | D:1      | Reached XP level 1. HP: 13/13 MP: 3/3
   247 | D:1      | Reached XP level 2. HP: 5/19 MP: 3/5
   697 | D:1      | Learned a level 2 spell: Call Imp
  1658 | D:1      | Reached XP level 3. HP: 17/24 MP: 6/6
  2058 | D:2      | Noticed Robin
  2082 | D:2      | HP: 1/24 [poisoned by a goblin]
  2084 | D:2      | Succumbed to a goblin's poison

Vault maps used:
D:1:      erik_arrival_orb_chamber, minmay_shallow_snake_nest
D:2:      first_bread, minmay_misc_feat_chi, uniq_robin, uniq_iyjb

Action                   || total
-------------------------++-------
Melee: Unarmed           ||    48
       Mace              ||    94
 Cast: Summon Small Mamm ||    18
  Use: Potion            ||     7
       Scroll            ||     2
